 Dungeon Crawl Stone Soup version 0.30-a0-913-g9934a0ce24 (webtiles) character file.

Game seed: 2059856764251103313

9915 lesbiats the Grappler (level 11, -9/109 HPs)
             Began as a Troll Fighter on Mar 16, 2023.
             Was an Elder of Wu Jian.
             Mangled by a troll (12 damage)
             ... on level 11 of the Dungeon on Mar 20, 2023.
             The game lasted 00:33:37 (8503 turns).

lesbiats the Grappler (Troll Fighter)               Turns: 8503, Time: 00:33:37

Health: -9/109     AC:  6    Str: 26    XL:     11   Next: 29%
Magic:  10/10      EV: 15    Int:  8    God:    Wu Jian [****..]
Gold:   252        SH:  9    Dex:  9    Spells: 8/10 levels left

rFire   . . .      SeeInvis .      - Unarmed
rCold   + . .      Faith    .    b - +0 kite shield
rNeg    . . .      Spirit   .    L - +2 robe {rC+}
rPois   +          Reflect  .    (helmet restricted)
rElec   .          Rampage  .    (no cloak)
rCorr   .                        (gloves unavailable)
Will    .....                    (boots unavailable)
Stlth   +                        B - amulet of the acrobat
HPRegen 1.18/turn                n - ring of poison resistance
MPRegen 0.12/turn                x - +5 ring of evasion

@: mighty, slowed, very slow
A: large, unfitting armour, claws 3, regeneration 1, shaggy fur 1, tough skin 1
a: Renounce Religion, Wall Jump, Serpent's Lash


You were on level 11 of the Dungeon.
You worshipped Wu Jian.
Wu Jian was greatly pleased with you.
You visited 2 branches of the dungeon, and saw 12 of its levels.
You also visited: Sewer.

You collected 511 gold pieces.
You spent 259 gold pieces at shops.

Inventory:

Hand Weapons
 s - the +4 short sword of Disorder {drain, rElec rF+ Dex-4 SInv}
   (You found it on level 3 of the Dungeon)

   Dex:       It affects your dexterity (-4).
   rF:        It protects you from fire.
   rElec:     It insulates you from electricity.
   SInv:      It lets you see invisible.
Missiles
 l - 7 boomerangs (quivered)
 C - 28 poisoned darts
 M - a large rock
Armour
 b - a +0 kite shield (worn)
 L - a +2 robe of cold resistance (worn)
 R - +0 acid dragon scales
Jewellery
 n - a ring of poison resistance (left claw)
 x - a +5 ring of evasion (right claw)
 B - an amulet of the acrobat (around neck)
 F - a ring of fire
 K - a ring of resist corrosion
Wands
 a - a wand of flame (21)
 A - a wand of digging (1)
 E - a wand of iceblast (11)
 G - a wand of charming (28)
 O - a wand of mindburst (6)
Scrolls
 d - 4 scrolls of noise
 f - a scroll of identify
 g - 5 scrolls of teleportation
 k - 3 scrolls of immolation
 p - 3 scrolls of blinking
 q - 2 scrolls of poison
 r - 4 scrolls of enchant armour
 u - 2 scrolls of fog
 v - a scroll of vulnerability {unknown}
 y - 3 scrolls of enchant weapon
 H - 3 scrolls of magic mapping
 J - 2 scrolls of fear
 N - a scroll of silence {unknown}
Potions
 c - 2 potions of cancellation
 e - 5 potions of curing
 h - 2 potions of heal wounds
 i - 3 potions of flight
 j - 3 potions of degeneration
 m - a potion of attraction {unknown}
 o - 2 potions of brilliance
 t - 4 potions of haste
 w - 2 potions of lignification
 z - 2 potions of mutation
 D - 2 potions of resistance
 I - 2 potions of invisibility
 Q - a potion of magic {unknown}


   Skills:
 + Level 7.5 Fighting
 + Level 5.6 Dodging
 + Level 8.2 Shields
 * Level 12.1 Unarmed Combat


You had 8 spell levels left.
You knew the following spells:

 Your Spells              Type           Power      Damage    Failure   Level
a - Passwall              Tmut/Erth      0%         N/A       78%         2

Your spell library contained the following spells:

 Spells                   Type           Power      Damage    Failure   Level
 Sandblast                Erth           0%         2d4       65%         1
 Shock                    Conj/Air       0%         1d3       65%         1
 Ensorcelled Hibernation  Hex/Ice        0%         N/A       78%         2
 Lesser Beckoning         Tloc           0%         N/A       78%         2
 Scorch                   Fire           0%         2d5       78%         2
 Frozen Ramparts          Ice            0%         1d1       95%         3
 Gell's Gravitas          Tloc           0%         N/A       95%         3
 Inner Flame              Hex/Fire       0%         N/A       95%         3
 Kindle Blastsparks       Fire/Tloc/Air  0%         2d10      95%         3
 Stone Arrow              Conj/Erth      0%         3d7       95%         3
 Swiftness                Air            0%         N/A       95%         3
 Teleport Other           Tloc           0%         N/A       95%         3
 Airstrike                Air            0%         2d(0-16)  100%        4
 Flame Wave               Conj/Fire      0%         2d4       100%        4
 Fulminant Prism          Conj/Hex       0%         3d5       100%        4
 Ice Form                 Ice/Tmut       0%         N/A       100%        4
 Iskenderun's Mystic Bla  Conj/Tloc      0%         2d3       100%        4
 Sticky Flame             Conj/Fire      0%         2d3       100%        4
 Summon Ice Beast         Ice/Summ       0%         N/A       100%        4
 Lee's Rapid Deconstruct  Erth           0%         3d4*      100%        5
 Summon Cactus Giant      Summ           0%         N/A       100%        6


Dungeon Overview and Level Annotations

Branches:
Dungeon (11/15)            Temple (1/1) D:5             Orc (0/2) D:9
  Sewer (visited)
   Lair: D:8-11

Altars:
Ashenzari
Cheibriados
Dithmenos
Elyvilon
Fedhas
Gozag
Hepliaklqana
Kikubaaqudgha
Makhleb
Nemelex Xobeh
Okawaru
Qazlal
Ru
Sif Muna
Trog
Uskayaw
Vehumet
Wu Jian
Xom
Yredelemnul
Zin
The Shining One

Shops:
D:2 *   D:8 ?   D:9 (


Innate Abilities, Weirdness & Mutations

You are too large for most types of armour.
You have claws for hands.
Your natural rate of healing is unusually fast.
You are covered in fur. (AC +1)
You have tough skin. (AC +1)


Message History

The skeletal warrior hits you from afar with a +0 trident!
The two-headed ogre barely misses you.
The two-headed ogre hits you with a +0 giant club!!
The skeletal warrior barely misses you.
You scratch the two-headed ogre.
The two-headed ogre is moderately wounded.
You block the two-headed ogre's attack. The two-headed ogre closely misses you.
The skeletal warrior hits you from afar with a +0 trident!!
You claw the two-headed ogre!
The two-headed ogre is severely wounded.
The skeletal warrior hits you from afar with a +0 trident!
The two-headed ogre barely misses you. The two-headed ogre closely misses you.
You scratch the two-headed ogre.
The two-headed ogre is severely wounded.
You block the skeletal warrior's attack.
You block the two-headed ogre's attack. The two-headed ogre misses you.
The skeletal warrior closely misses you.
You eviscerate the two-headed ogre!!!
You kill the two-headed ogre!
The Council accepts your kill.
The skeletal warrior hits you from afar with a +0 trident!
* * * LOW HITPOINT WARNING * * *
You claw the troll!
The troll is heavily wounded.
The skeletal warrior hits you from afar with a +0 trident.
* * * LOW HITPOINT WARNING * * *
You block the troll's attack. The troll claws you but does no damage.
The troll barely misses you.
You feel much better. The skeletal warrior barely misses you.
The troll barely misses you. x2; The troll misses you.
The skeletal warrior hits you from afar with a +0 trident!!
* * * LOW HITPOINT WARNING * * *
You block the troll's attack. The troll closely misses you.
The troll misses you.
You claw the troll!
The troll is heavily wounded.
You block the troll's attack. The troll claws you!
* * * LOW HITPOINT WARNING * * *
The troll claws you!
You die...

.♣ .♣♣...♣#♣♣.♣♣#..........#...
♣. ♣..♣ ♣.♣♣†♣.♣#..........#...
♣.. ♣..♣ ♣.).♣♣♣............#...
♣..♣♣♣..♣♣♣.♣♣.♣.♣#.######+###...
♣...♣♣...♣#♣♣.♣♣#....# #...
#♣.♣#############.†..# #... ♣..♣♣
#.....#....# #... ♣♣..♣♣
#.♣♣♣.#....# ##+# ♣♣..♣♣
#...@.#....# #... ♣♣..♣♣
#.##T##....# #...
♣♣..♣♣#.#.z##....# #...
♣♣..♣#.#..##....# #...
♣♣..#.#!###....# #... ♣....#+
#....# #... ♣..♣### ##.. ♣..♣♣
.... ♣..♣ ....


You could see a skeletal warrior and a troll.

Vanquished Creatures
  2 two-headed ogres
  Amaemon (D:8)
  Pikel (D:8)
  A gargoyle (D:11)
  Psyche (D:8)
  An orange demon (D:8)
  A troll (D:10)
  A hornet (D:10)
  Grinder (D:3)
  Prince Ribbit (D:8)
  A wraith (D:11)
  2 wyverns
  5 yaks (D:11)
  A vampire mosquito (D:11)
  An acid dragon (D:11)
  2 wargs (D:9)
  A water moccasin (D:8)
  6 orc warriors
  3 sky beasts
  A lemure (D:8)
  3 kobold brigands
  8 bullfrogs
  4 scorpions
  3 gnoll sergeants
  5 wights (D:9)
  21 killer bees
  2 howler monkeys (D:9)
  A jelly (D:5)
  A crimson imp (D:3)
  5 hounds
  A gnoll bouda (D:5)
  4 orc priests
  5 iguanas
  A sleepcap (D:6)
  6 orc wizards
  28 gnolls
  8 adders
  3 shadow imps
  A white imp (D:6)
  An ufetubus (D:5)
  A worm (D:2)
  3 dart slugs
  27 orcs
  8 endoplasms
  12 giant cockroaches
  9 hobgoblins
  5 quokkas
  12 ball pythons
  6 bats
  6 frilled lizards (Sewer)
  11 goblins
  A goblin skeleton (D:3)
  3 hobgoblin zombies (D:3)
  19 kobolds
  A kobold skeleton (D:3)
  A kobold zombie (D:3)
  An orc zombie (D:3)
  3 rats
274 creatures vanquished.

Vanquished Creatures (others)
  3 plants (D:5)
3 creatures vanquished.

Grand Total: 277 creatures vanquished

Notes
Turn   | Place    | Note
-------+----------+-------------------------------------------
     0 | D:1      | lesbiats the Troll Fighter began the quest for the Orb.
     0 | D:1      | Reached XP level 1. HP: 22/22 MP: 0/0
   272 | D:1      | Reached XP level 2. HP: 24/29 MP: 1/1
   912 | D:2      | Found Tolot's General Store.
   922 | D:2      | Bought a potion of heal wounds for 50 gold pieces
  1123 | D:2      | Reached XP level 3. HP: 33/36 MP: 2/2
  1141 | D:2      | Found a faded altar of an unknown god.
  1171 | D:2      | Reached skill level 3 in Unarmed Combat
  1422 | D:3      | Noticed Grinder
  1459 | D:3      | Killed Grinder
  1460 | D:3      | Reached skill level 4 in Unarmed Combat
  1460 | D:3      | Reached XP level 4. HP: 12/45 MP: 3/3
  1460 | D:3      | Reached XP level 5. HP: 14/53 MP: 4/4
  1598 | D:3      | Found a glowing golden altar of the Shining One.
  1598 | D:3      | You fall into a shaft and drop 2 floors!
  1598 | D:5      | Entered Level 5 of the Dungeon
  1648 | D:4      | Reached XP level 6. HP: 61/61 MP: 5/5
  1665 | D:3      | Found a glowing drain.
  1689 | Sewer    | Entered a sewer
  1929 | Sewer    | Reached skill level 5 in Unarmed Combat
  2312 | D:3      | Identified the +4 short sword of Disorder {drain, rElec rF+
                  | Dex-4 SInv}
  2330 | D:3      | Found a glowing silver altar of Zin.
  2412 | D:3      | Reached XP level 7. HP: 66/68 MP: 6/6
  2512 | D:3      | Found a burning altar of Makhleb.
  2512 | D:3      | Noticed a balrug
  2516 | D:3      | Noticed an orange demon
  2516 | D:3      | Noticed an orange demon
  2622 | D:3      | Found an ornate altar of the Wu Jian Council.
  2631 | D:3      | Became a worshipper of the Wu Jian Council
  2663 | D:3      | multiple demons by makleb altar on d3 who could be freed
                  | and killed w/ digging
  3074 | D:4      | Found a basalt altar of Yredelemnul.
  3075 | D:4      | Found a radiant altar of Vehumet.
  3076 | D:4      | Found a shimmering blue altar of Sif Muna.
  3077 | D:4      | Found a white marble altar of Elyvilon.
  3564 | D:5      | Reached skill level 6 in Unarmed Combat
  3580 | D:5      | Reached * piety under Wu Jian
  3786 | D:5      | Found a staircase to the Ecumenical Temple.
  3796 | Temple   | Entered the Ecumenical Temple
  3996 | D:5      | Found a snail-covered altar of Cheibriados.
  4096 | D:4      | Upgraded the game from 0.30-a0-883-g5ad918d77d to
                  | 0.30-a0-913-g9934a0ce24
  4237 | D:5      | Found a stormy altar of Qazlal.
  4239 | D:5      | Noticed a water elemental
  4239 | D:5      | Noticed an air elemental
  4240 | D:5      | Noticed a fire elemental
  4272 | D:5      | elementals by qazlal altar on d5 accessible via digging
  4318 | D:6      | Found an iron altar of Okawaru.
  4338 | D:6      | Learned a level 2 spell: Passwall
  4410 | D:6      | Reached XP level 8. HP: 60/79 MP: 7/7
  4443 | D:6      | Reached skill level 5 in Shields
  4445 | D:6      | Reached skill level 7 in Unarmed Combat
  4610 | D:6      | Found a sacrificial altar of Ru.
  4894 | D:7      | Reached ** piety under Wu Jian
  4895 | D:7      | Reached skill level 5 in Fighting
  4948 | D:7      | Reached skill level 8 in Unarmed Combat
  4993 | D:7      | Found a sparkling altar of Nemelex Xobeh.
  5275 | D:7      | Reached XP level 9. HP: 88/88 MP: 8/8
  5316 | D:7      | Found a blossoming altar of Fedhas.
  5557 | D:8      | Noticed Prince Ribbit
  5558 | D:8      | Noticed Pikel
  5598 | D:8      | Killed Pikel
  5599 | D:8      | Reached skill level 9 in Unarmed Combat
  5612 | D:8      | Killed Prince Ribbit
  5665 | D:8      | Found Ysa Kof's Magic Scroll Shop.
  5680 | D:8      | Identified the +0 scale mail of Philately {Fly Int+2}
  5722 | D:8      | Noticed Psyche
  5768 | D:8      | Killed Psyche
  5888 | D:8      | Reached skill level 10 in Unarmed Combat
  5895 | D:8      | Reached *** piety under Wu Jian
  5922 | D:8      | Bought a scroll of poison for 44 gold pieces
  5922 | D:8      | Bought 2 scrolls of magic mapping for 165 gold pieces
  6112 | D:8      | Noticed an orange demon
  6114 | D:8      | Noticed Amaemon
  6119 | D:8      | Killed an orange demon
  6126 | D:8      | Reached XP level 10. HP: 98/98 MP: 9/9
  6153 | D:8      | Killed Amaemon
  6646 | D:9      | Noticed a two-headed ogre
  6656 | D:9      | Killed a two-headed ogre
  6824 | D:9      | Reached skill level 11 in Unarmed Combat
  6830 | D:9      | Found a hazy altar of Hepliaklqana.
  6955 | D:9      | Found Uptarghef's Weapon Boutique.
  7330 | D:9      | Found a staircase to the Orcish Mines.
  7471 | D:10     | Entered Level 10 of the Dungeon
  7486 | D:10     | Reached skill level 5 in Dodging
  7908 | D:10     | Found a bloodstained altar of Trog.
  7946 | D:10     | Reached XP level 11. HP: 99/109 MP: 10/10
  8322 | D:11     | Reached **** piety under Wu Jian
  8489 | D:11     | Noticed a skeletal warrior
  8489 | D:11     | Noticed a two-headed ogre
  8495 | D:11     | Reached skill level 12 in Unarmed Combat
  8500 | D:11     | Killed a two-headed ogre
  8503 | D:11     | HP: 3/109 [troll (8)]
  8503 | D:11     | Mangled by a troll

Illustrated notes

##..#...###......######'##
#.# ....#...# #......# #.#
#.# ....#...# #......# #.#
#.#
........###......######.#
#.#
##>.....................#
#.#
.......<.......##########
#.# ........####........#
#.# ....###### #......###
#.# ...........#....@.#4#
#.#
.#########.#....#######
#.# .#
#......._#2########.# .#
#....#######........# .#
#......#4# ########.# ##
###'###### #.# #......#
#######.# ######.#
#.......# #.# #.#######


Turn 2663 on D:3: multiple demons by makleb altar on d3 who could be freed and
killed w/ digging ######### ##.......# ###...####.## #E#...#E##..##
####...#####..### #.........###.#.## #....@....###....## #.............#...###
####...###..........## #E#...#E#..##.......# ###...###.##.......##
##..###...)...##.## #...#....))....)#. #.......).....#... ###............##...
Turn 4272 on D:5: elementals by qazlal altar on d5 accessible via digging

Levels and vault maps discovered:
D:1:      spicycebolla_arrival_xxxplode, layout_basic, nrook_uturn
D:2:      layout_loops_ring, serial_shops, nicolae_lakefront_shop,
          shapermc_ecumenical_altar_acropolis
D:3:      layout_basic, overflow_temple_1_default, nicolae_tso_besieged_by_evil,
          makhleb_altar_promises_db, zin_statuary, gup_sewer_entry_glass,
          uniq_grinder
D:4:      layout_cave_pools, mainiacjoe_overflow_alcove_3,
          nicolae_zen_rock_garden
D:5:      layout_cave_pools, cheibriados_altar_1,
          nicolae_qazlal_style_of_elements, temple_green, serial_bayou,
          serial_bayou_pond_b, serial_bayou_pond_a, serial_bayou_ford_a,
          serial_bayou_pond_d
D:6:      layout_gridville, nicolae_ru_great_annihilating_truth, okawaru_trees_1
D:7:      layout_cave_pools, nemelex_xobeh_ov_fountains_minmay, fedhas_altar_4
D:8:      layout_loops_ring, serial_shops, nicolae_shop_statue_plus,
          uniq_amaemon, uniq_pikel, uniq_prince_ribbit1, uniq_psyche
D:9:      layout_cave_pools, mainiacjoe_overflow_small_starburst,
          david_orc_1_choice, serial_shops, nicolae_stop_n_shop_1
D:10:     layout_loops_cross, trog_butcher_becter
D:11:     nzn_winding_woodlands_large [nzn_winding_woodlands_5x5_three,
          nzn_winding_woodlands_5x15_parted, nzn_winding_woodlands_hourglass,
          nzn_winding_woodlands_center_garden,
          nzn_winding_woodlands_15x15_thick_spiral,
          nzn_winding_woodlands_center_lodge,
          nzn_winding_woodlands_5x5_checkerboard,
          nzn_winding_woodlands_5x15_zeroes,
          nzn_winding_woodlands_5x5_closed_star], layout_grid_maze,
          serial_rivers, chequers_serial_rivers_micro_e,
          chequers_serial_rivers_micro_a, chequers_serial_rivers_room_b,
          chequers_serial_rivers_small_3, chequers_serial_rivers_micro_d,
          chequers_serial_rivers_marsh, pdpol_wu_jian_five_deadly_venoms
Temple:   nicolae_temple_superstar

Skill      XL: |  1  2  3  4  5  6  7  8  9 10 11 |
---------------+----------------------------------+-----
Shields        | 3 4 6 7 8 |  8.2
Unarmed Combat | 4 5 6 8 10 11 12 | 12.1
Fighting       | 3 4 5 6 7 |  7.5
Dodging        | 3 5 |  5.6

Action                     |  1- 3 |  4- 6 |  7- 9 | 10-12 || total
---------------------------+-------+-------+-------+-------++-------
  Melee: Unarmed           |    68 |   130 |   395 |   320 ||   913
  Throw: Boomerang         |       |       |     3 |     1 ||     4
         Dart              |       |       |     1 |     4 ||     5
         Large rock        |       |       |     1 |       ||     1
Ability: Lunge             |       |       |    37 |    13 ||    50
         Whirlwind         |       |       |    20 |    22 ||    42
    Use: Scroll            |     1 |       |    11 |     4 ||    16
         Potion            |     2 |       |       |     2 ||     4
   Stab: Paralysed         |       |       |     1 |       ||     1
         Sleeping          |       |       |       |     1 ||     1
 Armour: Robe              |    16 |    50 |    55 |    38 ||   159
         Skin              |       |       |     2 |       ||     2
  Dodge: Dodged            |    24 |    36 |   193 |   176 ||   429
  Block: Kite shield       |    24 |    58 |   130 |   155 ||   367

Table legend: (Time is in decaauts)
 A = Elapsed time spent in this place.
 B = Non-inter-level travel time spent in this place.
 C = Inter-level travel time spent in this place.
 D = Time resting spent in this place.
 E = Time spent auto-exploring this place.
 F = Levels seen in this place.
 G = Mean time per level.
                   A        B        C        D        E       F      G
               +--------+--------+--------+--------+--------+-----+--------+
         Total |   8490 |   7907 |    583 |    392 |   5152 |  13 |  653.1 |
       Dungeon |   7889 |   7313 |    576 |    392 |   4760 |  11 |  717.2 |
        Temple |    129 |    122 |      7 |      0 |    106 |   1 |  129.0 |
         Sewer |    471 |    471 |      0 |      0 |    286 |   1 |  471.0 |
               +--------+--------+--------+--------+--------+-----+--------+

Top non-repeatable levels by time:
     D:8: 1230 daAuts
     D:3: 1094 daAuts
     D:1: 795 daAuts
     D:9: 783 daAuts
    D:10: 660 daAuts
     D:5: 622 daAuts
     D:4: 610 daAuts
     D:2: 600 daAuts
     D:7: 574 daAuts
     D:6: 555 daAuts
   Sewer: 471 daAuts
    D:11: 362 daAuts
  Temple: 129 daAuts
